 Dungeon Crawl Stone Soup version 0.17-a0-1763-g847a857 (webtiles) character file.

90 Psiweapon the Bolt Thrower (level 4, 0/26 HPs)
             Began as a Kobold Hunter on Sept 5, 2015.
             Slain by Purgy (3 damage)
             ... in a sewer.
             The game lasted 00:06:55 (2361 turns).

Psiweapon the Bolt Thrower (Kobold Hunter)          Turns: 2361, Time: 00:06:55

Health: 0/26       AC:  3    Str: 10    XL:     4   Next: 85%
Magic:  4/4        EV: 15    Int:  9    God:
Gold:   103        SH:  0    Dex: 17    Spells: 0 memorised, 3 levels left

rFire  . . .     SeeInvis .     a - +1 hand crossbow
rCold  . . .     Clarity  .     d - +0 leather armour
rNeg   . . .     SustAt   .     (shield restricted)
rPois  .         Gourm    .     (no helmet)
rElec  .         Spirit   .     (no cloak)
rCorr  .         Warding  .     (no gloves)
rMut   .         Stasis   .     (no boots)
MR     .....                    (no amulet)
Stlth  +++.......               (no ring)
                                (no ring)

@: invisible, not resistant to hostile enchantments, fairly stealthy
A: carnivore 3
a: no special abilities


You were in a sewer.
You were very full.

You visited 1 branch of the dungeon, and saw 3 of its levels.
You also visited: Sewer.

You collected 103 gold pieces.

Inventory:

Hand weapons
 a - a +1 hand crossbow (weapon)
 c - a +0 short sword
 o - a +0 blowgun
Missiles
 b - 12 bolts (quivered)
 i - 74 stones
Armour
 d - a +0 leather armour (worn)
 h - a +0 ring mail
Scrolls
 g - a scroll of fog {unknown}
 j - a scroll of remove curse {unknown}
 m - 3 scrolls of identify {unknown}
 n - a scroll of random uselessness {unknown}
Potions
 k - a potion of lignification {unknown}
Comestibles
 e - 2 meat rations
 f - a beef jerky


   Skills:
 - Level 2.1 Fighting
 - Level 3.5 Short Blades
 - Level 5.2 Crossbows
 - Level 2.4 Dodging
 + Level 3.8 Stealth


You had 3 spell levels left.
You didn't know any spells.

Dungeon Overview and Level Annotations

Branches:
Dungeon (3/15)

Altars:
Qazlal

Annotations:
Sewer Purgy


Innate Abilities, Weirdness & Mutations

You are small and have problems with some larger weapons.
You are carnivorous and can eat meat at any time.


Message History

Purgy is heavily wounded.
Purgy bites you. Purgy barely misses you. Purgy claws you.
Wield which item (- for none, * to show all)? (? for menu, Esc to quit)
a - a +1 hand crossbow (weapon)
Purgy bites you.
* * * LOW HITPOINT WARNING * * *
Purgy misses you. Purgy claws you but does no damage.
Firing (i - inventory. (,) - cycle):
b - 13 bolts (quivered)
Press: ? - help, Shift-Dir - straight line, f/p - Purgy
Aim: Purgy (heavily wounded, poisoned)
You shoot a bolt. The bolt hits Purgy but does no damage.
Purgy is heavily wounded.
Purgy bites you.
* * * LOW HITPOINT WARNING * * *
Purgy barely misses you. x2
Drink which item? (? for menu, Esc to quit)
It was a potion of invisibility.
You fade into invisibility!
Purgy bites you but does no damage. Purgy claws you.
You die...

?(#( .#(#
#...
##≈.(##
#..≈(.#
.....##
#≈.T#
#≈@##
#...#
##≈.# #..#
#.. #..#
#≈.# ##.≈#
#.≈≈ #≈..#
#..###..##
#..≈#...#


You could see Purgy.

Vanquished Creatures
  2 adders (D:2)
  2 oozes
  A worm (D:2)
  3 giant geckos (D:3)
  3 giant cockroaches
  7 goblins
  12 hobgoblins
  2 jackals (Sewer)
  7 kobolds
  A quokka (D:2)
  5 bats
  2 giant newts (D:1)
  5 rats
52 creatures vanquished.

Notes
Turn   | Place    | Note
--------------------------------------------------------------
     0 | D:1      | Psiweapon the Kobold Hunter began the quest for the Orb.
     0 | D:1      | Reached XP level 1. HP: 12/12 MP: 1/1
    21 | D:1      | Reached skill level 5 in Crossbows
    26 | D:1      | Reached XP level 2. HP: 9/17 MP: 2/2
   189 | D:1      | Reached skill level 1 in Short Blades
   482 | D:1      | Reached XP level 3. HP: 18/21 MP: 3/3
  1317 | D:2      | Reached XP level 4. HP: 26/26 MP: 4/4
  1658 | D:2      | Found a stormy altar of Qazlal.
  2098 | D:3      | Found a glowing drain.
  2140 | Sewer    | Entered a sewer
  2349 | Sewer    | Noticed Purgy
  2361 | Sewer    | Slain by Purgy

Vault maps used:
D:1:      shiori_arrival_oz
D:2:      nicolae_overflow_hidden_temple
D:3:      zin_purify, grunt_dithmenos_smoke, portal_sewer_entry_f, uniq_sigmund
Sewer:    sewer_the_crocodile

Action                   |  1- 3 |  4- 6 || total
-------------------------+-------+-------++-------
Melee: Short sword       |   104 |    59 ||   163
 Fire: Hand crossbow     |     2 |    23 ||    25
       Blowgun           |       |     2 ||     2
  Use: Potion            |       |     1 ||     1
 Stab: Sleeping          |     6 |     2 ||     8
  Eat: Chunk             |     9 |     3 ||    12
